Map: Emerald City LE

Players

deaconfrost - Winner!

  • Race: Terran Terran
  • Spawn Location: 5:00

JaGan - Winner!

  • Race: Terran Terran
  • Spawn Location: 5:00

Massa

  • Race: Terran Terran
  • Spawn Location: 11:00

qqq

  • Race: Zerg Zerg
  • Spawn Location: 11:00

VOD

Have the link to the VOD?

Description

Time

  • Played on: April 6, 2021, 2:24 p.m.
  • Length: 12:42
Show
View Real Time Build Order
Export as new Build Order

deaconfrost Terran - Winner!

Build Orders: Reaper Expand 

Get SALT Encoding   

  12  0:00  SCV  
  13  0:12  SCV  
  14  0:24  SCV, Supply Depot  
  15  0:45  SCV  
  15  0:47  Barracks  
  16  0:52  Refinery  
  16  0:57  SCV  
  17  1:09  SCV  
  18  1:21  SCV  
  19  1:34  SCV  
  19  1:37  Reaper  
  19  1:38  Command Center  
  21  1:46  Orbital Command  
  21  2:11  SCV  
  21  2:12  Supply Depot  
  21  2:13  Marine  
  23  2:21  Refinery  
  23  2:22  Factory  
  23  2:28  Supply Depot  
  23  2:34  SCV  
  24  2:39  Barracks Reactor  
  24  2:46  SCV  
  25  2:58  SCV  
  25  3:03  Orbital Command  
  25  3:09  Starport  
  25  3:10  SCV  
  25  3:11  Factory Reactor  
  26  3:16  Marine x2  
  28  3:22  SCV  
  29  3:27  Refinery  
  29  3:32  Supply Depot  
  29  3:33  Marine  
  29  3:34  SCV x2, Marine  
  33  3:46  SCV x2  
  35  3:51  Hellion x2, Medivac  
  41  3:55  Armory  
  41  3:59  SCV  
  41  4:00  SCV  
  43  4:03  Marine  
  43  4:04  Marine  
  45  4:11  SCV  
  45  4:12  SCV  
  45  4:14  Hellion  
  49  4:17  Hellion  
  49  4:24  Medivac  
  53  4:26  SCV  
  53  4:28  Supply Depot  
  54  4:34  SCV  
  54  4:37  Hellion  
  57  4:38  Hellion  
  57  4:39  SCV  
  60  4:46  SCV  
  60  4:51  SCV, Supply Depot  
  62  4:58  SCV  
  63  5:01  Hellion x2  
  63  5:03  SCV  
  68  5:21  SCV  
  69  5:22  Factory, Command Center  
  69  5:23  Refinery  
  69  5:24  Factory  
  69  5:27  Terran Vehicle Weapons Level 1  
  62  6:01  SCV  
  59  6:04  SCV  
  59  6:06  Widow Mine x2, Factory Tech Lab  
  59  6:08  Factory Tech Lab  
  55  6:13  SCV  
  51  6:23  SCV  
  51  6:28  Cyclone x2  
  51  6:29  Mag-Field Accelerator, Command Center  
  51  6:30  Hellion x2  
  61  6:33  SCV  
  62  6:45  Engineering Bay  
  62  6:46  SCV  
  64  6:54  SCV  
  64  6:55  Hellion x2  
  64  6:59  Factory  
  69  7:01  SCV  
  69  7:02  Factory x2  
  69  7:04  Supply Depot x2  
  69  7:07  SCV, Armory  
  70  7:13  SCV  
  71  7:17  Hellion x2  
  71  7:18  Cyclone  
  71  7:19  Cyclone, SCV  
  82  7:27  Terran Vehicle Weapons Level 2  
  82  7:28  SCV  
  83  7:32  SCV  
  83  7:34  Orbital Command  
  84  7:40  Hellion x2  
  84  7:43  Factory Tech Lab  
  88  7:44  SCV  
  88  7:51  Factory Tech Lab x2  
  89  7:55  Refinery  
  89  8:04  Command Center  
  89  8:17  Cyclone x5  
  89  8:19  SCV, Hellion  
  107  8:29  SCV  
  107  8:33  SCV  
  109  8:35  Refinery, Missile Turret  
  109  8:44  SCV  
  109  8:45  Terran Vehicle And Ship Armor Level 1  
  110  8:48  Supply Depot x3  
  110  8:49  Missile Turret  
  95  9:16  Cyclone  
  95  9:17  Cyclone x3  
  107  9:20  Hellion  
  107  9:21  Hellion  
  115  9:27  Planetary Fortress  
  115  9:30  Planetary Fortress  
  112  9:33  SCV  
  113  9:42  SCV, Missile Turret  
  113  9:44  Hellion x2  
  116  9:46  Siege Tank  
  116  9:49  Siege Tank  
  116  9:50  Siege Tank  
  116  9:51  Siege Tank  
  125  9:57  SCV x3  
  128  10:09  SCV x2  
  128  10:10  SCV  
  128  10:11  Refinery, SCV x2  
  128  10:12  Refinery  
  133  10:19  Supply Depot  
  133  10:21  SCV x2, Hellion  
  135  10:22  SCV, Sensor Tower, Infernal Pre-Igniter  
  135  10:28  Siege Tank x2  
  141  10:32  SCV  
  141  10:33  SCV  
  146  10:36  SCV  
  147  10:52  Cyclone x2  
  153  11:00  Missile Turret  
  153  11:01  Sensor Tower  
  153  11:12  Siege Tank x3  
  153  11:13  Hellion x2  
  164  11:24  Cyclone x2  
  170  11:35  Hellion  
  170  11:42  SCV  
  170  12:24  SCV  
Show
View Real Time Build Order
Export as new Build Order

JaGan Terran - Winner!

Build Orders: 1/1/1 

Get SALT Encoding   

  12  0:00  SCV  
  13  0:12  SCV  
  14  0:19  Supply Depot  
  14  0:24  SCV  
  15  0:40  SCV  
  15  0:41  Barracks  
  16  0:48  Refinery  
  16  0:52  SCV  
  16  0:56  Refinery  
  17  1:04  SCV  
  18  1:16  SCV  
  19  1:29  SCV, Marine  
  21  1:37  Factory  
  21  1:41  Orbital Command  
  21  1:50  Supply Depot  
  21  1:54  Marine  
  22  2:06  SCV  
  23  2:12  Marine  
  24  2:21  Factory Tech Lab  
  24  2:24  SCV  
  24  2:28  Starport  
  25  2:36  SCV  
  26  2:39  Marine, Siege Tank  
  30  2:48  SCV  
  30  2:50  Supply Depot  
  31  3:04  Starport Reactor  
  31  3:08  Supply Depot  
  31  3:11  SCV  
  32  3:14  Siege Tank  
  35  3:20  Marine  
  35  3:23  SCV  
  37  3:32  Supply Depot  
  37  3:36  SCV  
  37  3:38  Marine  
  37  3:41  Viking x2  
  43  3:54  Siege Tank  
  46  4:11  Medivac  
  46  4:13  Command Center  
  48  4:56  SCV  
  48  4:57  Viking x2  
  53  5:03  Siege Tank  
  55  5:26  Refinery, Orbital Command  
  55  5:31  Fusion Core  
  55  5:32  Refinery  
  55  5:33  Command Center  
  44  6:01  SCV x2  
  38  6:13  SCV x2  
  40  6:25  SCV x2  
  42  6:37  SCV  
  43  6:44  SCV  
  44  6:49  SCV  
  41  7:04  SCV x2  
  43  7:16  SCV  
  43  7:17  SCV  
  45  7:28  SCV  
  45  7:29  SCV  
  44  7:34  SCV  
  45  7:41  SCV x2  
  47  7:48  SCV  
  48  8:03  SCV  
  46  8:08  SCV  
  47  8:15  SCV  
  48  8:20  SCV  
  48  8:26  Refinery  
  49  8:27  Refinery  
  49  8:28  Command Center  
  49  8:29  Orbital Command  
  49  8:30  SCV  
  49  8:32  Weapon Refit, SCV  
  51  8:35  Starport  
  51  8:40  Engineering Bay  
  51  8:42  SCV  
  51  8:44  SCV  
  53  8:54  SCV  
  48  8:56  SCV  
  46  9:16  SCV  
  45  9:21  SCV  
  45  9:23  Siege Tank  
  49  9:24  SCV  
  49  9:27  Starport  
  49  9:28  Starport Tech Lab, SCV  
  51  9:31  Armory  
  51  9:33  Starport Tech Lab  
  51  9:34  SCV, Armory  
  51  9:37  SCV  
  53  9:42  SCV, Missile Turret  
  53  9:43  Missile Turret  
  54  9:47  Battlecruiser  
  54  9:52  SCV  
  61  9:53  SCV  
  61  9:55  SCV, Siege Tank  
  66  10:06  Starport Tech Lab  
  72  10:07  Missile Turret, Battlecruiser  
  72  10:10  SCV  
  73  10:17  Missile Turret  
  73  10:20  SCV x2  
  75  10:26  Terran Vehicle And Ship Armor Level 1, Terran Ship Weapons Level 1  
  75  10:30  SCV  
  75  10:32  SCV  
  77  10:36  Refinery x2  
  77  10:39  SCV, Missile Turret  
  77  10:41  Missile Turret x2  
  77  10:42  SCV, Missile Turret  
  79  10:45  SCV  
  79  10:48  Planetary Fortress  
  80  10:51  SCV  
  80  10:53  Battlecruiser  
  80  10:55  SCV  
  88  10:57  SCV  
  88  11:00  Battlecruiser  
  88  11:03  SCV  
  96  11:04  Missile Turret  
  96  11:08  SCV  
  96  11:09  SCV  
  98  11:22  Supply Depot  
  98  11:25  Supply Depot  
  98  11:26  Supply Depot  
  98  11:28  Supply Depot  
  104  11:51  Starport  
  104  11:52  Starport  
Show
View Real Time Build Order
Export as new Build Order

Massa Terran 

Build Orders: Reaper Expand, Banshee Rush 

Get SALT Encoding   

  12  0:00  SCV  
  13  0:12  SCV  
  14  0:22  Supply Depot  
  14  0:24  SCV  
  15  0:37  Refinery  
  15  0:43  SCV  
  15  0:45  Barracks  
  16  0:55  SCV  
  17  1:07  SCV  
  18  1:19  SCV  
  19  1:32  Orbital Command  
  19  1:34  Reaper  
  20  1:45  Command Center  
  20  1:52  Supply Depot  
  20  1:57  SCV  
  21  2:07  Factory  
  21  2:20  Barracks Reactor, SCV  
  22  2:36  SCV  
  23  3:01  Hellion, Marine x2  
  23  3:02  Orbital Command  
  23  3:03  SCV  
  28  3:09  Refinery  
  28  3:10  Starport  
  28  3:15  SCV  
  29  3:29  Hellion x2  
  29  3:31  Barracks Tech Lab  
  29  3:32  SCV x2  
  35  3:44  SCV x2  
  37  3:50  Hellion  
  37  3:51  Hellion  
  37  3:54  Banshee  
  37  3:55  Cloaking Field  
  44  3:56  SCV  
  45  4:16  Barracks Tech Lab  
  45  4:17  SCV  
  45  4:23  Supply Depot  
  46  4:29  Supply Depot  
  46  4:37  Barracks  
  46  4:38  Barracks  
  46  4:41  Refinery, SCV x2  
  46  4:42  Factory Tech Lab  
  44  4:53  SCV x2  
  44  4:59  Viking  
  48  5:02  Siege Tank  
  44  5:08  SCV x2  
  46  5:16  Engineering Bay  
  46  5:20  SCV  
  46  5:21  SCV  
  48  5:22  Command Center  
  48  5:32  SCV  
  48  5:33  SCV  
  50  5:36  Marauder, Marine x3  
  55  5:54  Marine x3  
  55  5:55  Siege Tank  
  61  6:06  Supply Depot  
  61  6:07  Supply Depot  
  61  6:11  Marauder  
  60  6:19  Marine x2  
  60  6:22  Barracks Tech Lab, Stimpack  
  62  6:28  Banshee, Siege Tank  
  62  6:30  Supply Depot  
  62  6:31  Supply Depot  
  62  6:32  Marauder  
  70  6:54  Marauder, Supply Depot  
  72  7:09  SCV x2  
  72  7:10  Raven  
  72  7:11  Siege Tank  
  77  7:21  SCV x2  
  69  7:33  SCV  
  70  7:43  Marauder x2, Marine x2  
  72  7:44  SCV  
  72  7:45  SCV x2  
  75  7:53  Viking  
  75  7:54  Starport  
  75  7:55  Starport  
  75  7:56  SCV  
  75  7:57  Starport, SCV  
  80  8:01  Marine  
  80  8:04  Planetary Fortress  
  80  8:08  Supply Depot  
  80  8:24  Marine x3  
  80  8:25  Marauder  
  80  8:26  Viking  
  84  8:41  Marine  
  84  8:42  Marauder  
  84  8:44  Combat Shield  
  84  8:46  Marauder  
  88  8:51  Viking x3  
  94  8:56  SCV x2  
  94  8:57  SCV  
  97  9:08  SCV  
  97  9:09  SCV x2  
  93  9:21  SCV  
  93  9:23  Marine  
  93  9:24  Marauder x2, Siege Tank  
  102  9:43  Viking x3  
  108  9:46  SCV  
  108  9:47  SCV x2  
  108  9:49  Refinery  
  108  9:50  Refinery  
  111  9:55  Supply Depot  
  111  9:56  Supply Depot  
  111  9:57  Supply Depot  
  111  9:58  SCV, Supply Depot  
  111  9:59  Refinery, SCV x2, Supply Depot  
  114  10:00  Terran Infantry Weapons Level 1  
  114  10:05  Concussive Shells  
  114  10:09  Viking  
  114  10:10  SCV  
  117  10:16  Marine x4  
  117  10:17  SCV x2  
  117  10:18  Barracks  
  117  10:20  Barracks x2  
  123  10:21  Supply Depot x2  
  123  10:22  SCV  
  123  10:25  Supply Depot  
  123  10:27  Supply Depot x2  
  123  10:28  Supply Depot  
  124  10:29  SCV  
  124  10:30  Supply Depot  
  124  10:31  Supply Depot  
  124  10:34  Marine x4  
  129  10:40  Command Center  
  129  10:52  Supply Depot  
  129  10:55  Supply Depot  
  129  11:02  Siege Tank  
  129  11:03  Marauder x2, Marine x2  
  136  11:12  Viking x2  
  140  11:24  Marauder  
  142  11:37  Barracks Tech Lab, Marauder  
  142  11:38  Barracks Reactor, Barracks Tech Lab  
  142  11:39  Marine x2  
  146  11:46  Marauder  
  148  11:53  Planetary Fortress  
  148  11:56  SCV x3  
  148  11:57  Marine x2  
  148  11:58  Marauder  
  149  12:07  Marauder  
  150  12:19  Marauder  
  147  12:27  SCV x2  
  147  12:28  SCV  
  150  12:36  Sensor Tower  
  150  12:41  Missile Turret x2  
  150  12:42  Missile Turret  
Show
View Real Time Build Order
Export as new Build Order

qqq Zerg 

Build Orders: Hatch First, Lurkers 

Get SALT Encoding   

  12  0:00  Drone  
  13  0:08  Drone  
  14  0:22  Overlord  
  14  0:50  Hatchery  
  14  0:54  Drone  
  14  0:56  Drone  
  15  1:01  Drone  
  16  1:29  Drone, Spawning Pool  
  16  1:30  Drone x2, Extractor  
  17  1:41  Drone  
  18  1:52  Drone  
  19  2:03  Drone x2  
  21  2:14  Drone x2  
  23  2:18  Queen x2  
  27  2:23  Overlord  
  27  2:24  Drone  
  28  2:31  Metabolic Boost  
  28  2:36  Overlord  
  28  2:44  Zergling x2  
  29  2:48  Drone  
  29  2:49  Drone  
  31  3:01  Zergling x4  
  33  3:07  Zergling x2  
  33  3:11  Zergling x2  
  35  3:17  Drone x2  
  37  3:24  Hatchery  
  36  3:29  Lair  
  36  3:30  Roach Warren  
  36  3:33  Drone  
  36  3:34  Zergling x2  
  37  3:36  Zergling x2  
  37  3:39  Zergling x2  
  39  3:43  Overlord  
  39  3:46  Drone  
  40  3:50  Drone  
  40  3:53  Zergling x2  
  42  4:06  Drone x4  
  42  4:07  Drone x3  
  42  4:08  Drone  
  50  4:14  Drone  
  50  4:15  Drone  
  52  4:17  Overlord  
  52  4:24  Extractor  
  51  4:27  Extractor  
  51  4:28  Extractor  
  51  4:31  Evolution Chamber x2  
  47  4:38  Hydralisk Den  
  47  4:44  Drone x2  
  47  4:45  Zergling x6  
  51  4:54  Drone x2, Overlord  
  53  5:09  Queen  
  53  5:11  Drone x2, Zergling x2  
  53  5:12  Hydralisk x3  
  64  5:23  Hydralisk  
  66  5:29  Lurker Den  
  66  5:31  Infestation Pit  
  66  5:32  Zerg Missile Weapons Level 1  
  64  5:38  Drone x2  
  66  5:47  Hydralisk  
  41  6:04  Zergling x4  
  41  6:05  Roach x2  
  41  6:06  Hydralisk x2, Roach  
  41  6:07  Zergling x2  
  49  6:15  Drone  
  49  6:16  Drone  
  48  6:19  Drone x3  
  51  6:26  Drone  
  49  6:36  Lurker x2  
  51  6:42  Overlord x3  
  49  6:58  Drone x2  
  49  6:59  Drone  
  52  7:01  Zerg Ground Armor Level 1  
  52  7:02  Overlord  
  52  7:16  Lurker  
  52  7:18  Drone x3  
  52  7:19  Drone x2  
  58  7:33  Hydralisk  
  58  7:34  Zergling x2  
  58  7:35  Zergling x6  
  64  7:43  Queen  
  66  7:52  Zergling x4  
  66  7:54  Roach x2  
  63  8:13  Hydralisk x5, Lurker  
  73  8:21  Hive  
  73  8:23  Zergling x4  
  75  8:28  Drone x3  
  78  8:37  Hydralisk, Lurker  
  74  9:02  Roach x4  
  77  9:08  Lurker  
  78  9:11  Zerg Melee Weapons Level 1  
  78  9:18  Overseer  
  78  9:20  Hatchery  
  78  9:21  Overseer, Overlord  
  78  9:22  Overlord x3  
  76  9:42  Drone  
  76  9:43  Drone x4  
  81  9:54  Lurker x2  
  81  9:55  Hydralisk x2  
  81  9:57  Hatchery  
  86  10:04  Drone  
  87  10:09  Hydralisk x2  
  91  10:22  Hydralisk  
  91  10:24  Drone  
  94  10:29  Drone  
  94  10:30  Drone  
  94  10:33  Drone  
  97  10:43  Hatchery, Zergling x6  
  99  11:04  Hydralisk x3  
  99  11:05  Hydralisk x3  
  111  11:16  Lurker x5  
  116  11:20  Seismic Spines  
  116  11:21  Drone x3  
  116  11:22  Overlord x2  
  119  11:26  Overlord  
  119  11:33  Overlord  
  110  12:03  Hydralisk x2  
  110  12:04  Hydralisk  
  110  12:06  Roach x4  
  110  12:07  Drone x2  
Tags
 
Add a new tag
Caveats
  • Supply blocks, unpowered buildings, or Contaminate may cause inaccurate times.
  • Supply counts are checked every 10 seconds.